 Dungeon Crawl Stone Soup version 0.28.0 (webtiles) character file.

Game seed: 7041178204930838392

744 Aksej the Slasher (level 7, -9/55 HPs)
             Began as a Demonspawn Monk on Feb 9, 2022.
             Was a Believer of Wu Jian.
             Mangled by an ogre (29 damage)
             ... on level 5 of the Dungeon.
             The game lasted 00:10:47 (4862 turns).

Aksej the Slasher (Demonspawn Monk)                 Turns: 4862, Time: 00:10:48

Health: -9/55      AC:  5    Str: 11    XL:     7   Next: 47%
Magic:  7/7        EV: 14    Int: 11    God:    Wu Jian [**....]
Gold:   111        SH:  0    Dex: 18    Spells: 6/6 levels left

rFire   . . .      SeeInvis .   a - +1 falchion
rCold   . . .      Faith    .   (no shield)
rNeg    + . .      Spirit   .   i - +2 robe {rN+}
rPois   .          Reflect  .   (no helmet)
rElec   .          Harm     .   c - +0 cloak
rCorr   .          Rampage  .   (no gloves)
Will    .....                   (no boots)
Stlth   +++.......              (no amulet)
HPRegen 0.18/turn               (no ring)
MPRegen 0.10/turn               (no ring)

@: no status effects
A: foul stench 2, spiny 1, weakness stinger 2
a: Renounce Religion, Wall Jump


You were on level 5 of the Dungeon.
You worshipped Wu Jian.
Wu Jian was pleased with you.
You visited 2 branches of the dungeon, and saw 6 of its levels.

You collected 111 gold pieces.

Inventory:

Hand Weapons
 a - a +1 falchion (weapon)
Armour
 c - a +0 cloak (worn)
 g - an orb of guile
 i - a +2 robe of positive energy (worn)
Jewellery
 k - a ring of flight
Wands
 j - a wand of flame (8)
Scrolls
 f - a scroll of magic mapping
Potions
 b - a potion of flight {unknown}
 d - a potion of curing
 e - a potion of lignification {unknown}
 h - a potion of mutation {unknown}


   Skills:
 * Level 4.8 Fighting
 + Level 5.2 Long Blades
 + Level 0.3 Armour
 * Level 4.4 Dodging
 + Level 4.1 Stealth


You had 6 spell levels left.
You didn't know any spells.
Your spell library was empty.

Dungeon Overview and Level Annotations

Branches:
Dungeon (5/15)             Temple (1/1) D:4

Altars:
Ashenzari
Cheibriados
Dithmenos
Elyvilon
Hepliaklqana
Kikubaaqudgha
Makhleb
Nemelex Xobeh
Okawaru
Qazlal
Ru
Sif Muna
Uskayaw
Vehumet
Wu Jian
Xom
Zin
The Shining One


Innate Abilities, Weirdness & Mutations

You sometimes emit foul miasma when damaged in melee.
You are partially covered in sharp spines.
You have a tail ending in a sharp stinger.


Message History

You barely miss the howler monkey zombie.
The howler monkey zombie is lightly damaged.
The iguana hisses angrily.
The iguana barely misses you.
The howler monkey zombie is struck by your spines.
The howler monkey zombie misses you.
An orc comes into view. It is wielding a +0 war axe.
You spin and attack the iguana.
You closely miss the iguana.
The iguana is moderately wounded.
You spin and attack the howler monkey zombie.
You hit the howler monkey zombie. You tail-slap the howler monkey zombie.
The howler monkey zombie is almost destroyed.
The iguana bites you!
The howler monkey zombie completely misses you.
You spin and attack the iguana.
The orc shouts!
You hit the iguana.
Your tail-slap misses the iguana.
The iguana is severely wounded.
You spin and attack the howler monkey zombie.
You hit the howler monkey zombie.
The howler monkey zombie is almost destroyed.
The iguana is struck by your spines. The iguana bites you!
The howler monkey zombie is struck by your spines.
You destroy the howler monkey zombie!
The Council accepts your kill.
You lunge at the ogre.
You closely miss the ogre.
You spin and attack the quokka.
You slash the quokka!
You kill the quokka!
The Council accepts your kill. The ogre is struck by your spines.
The ogre completely misses you. The iguana is struck by your spines.
The iguana bites you.
You spin and attack the iguana.
You hit the iguana but do no damage.
The iguana is almost dead.
The iguana barely misses you.
You spin and attack the iguana.
You hit the iguana.
You kill the iguana!
The Council accepts your kill.
The ogre hits you with a +0 giant club!!
Ouch! That really hurt!
You die...

####.#
#...#....
#######..$.....
#...........)..
#.............
#<............
#..$@.........
#....O>o......
#.#...l.......
#.#.>....#....
#...##...# # #
#..#####.# #.##
... #.# ##...
#<# ###


You could see an ogre, an iguana and an orc.

Vanquished Creatures
  Sigmund (D:4)
  Eustachio (D:4)
  Edmund (D:4)
  2 hounds (D:4)
  Terence (D:3)
  An orc wizard (D:3)
  3 iguanas
  A hound skeleton (D:4)
  A howler monkey zombie (D:5)
  2 adders
  3 gnolls (D:4)
  3 worms
  2 dart slugs
  3 orcs
  4 ball pythons
  6 endoplasms
  3 giant cockroaches
  11 hobgoblins
  4 jackals (D:4)
  4 quokkas
  A bat (D:1)
  2 frilled lizards
  5 goblins
  9 kobolds
  7 rats
81 creatures vanquished.

Notes
Turn   | Place    | Note
-------+----------+-------------------------------------------
     0 | D:1      | Aksej the Demonspawn Monk began the quest for the Orb.
     0 | D:1      | Reached XP level 1. HP: 18/18 MP: 1/1
   419 | D:1      | Gained mutation: You may rarely emit foul miasma when
                  | damaged in melee. [demonic ancestry]
   419 | D:1      | Reached XP level 2. HP: 23/24 MP: 2/2
  1241 | D:2      | Reached skill level 3 in Long Blades
  1284 | D:2      | Gained mutation: You are partially covered in sharp spines.
                  | [demonic ancestry]
  1284 | D:2      | Reached XP level 3. HP: 10/29 MP: 3/3
  2014 | D:3      | Noticed Terence
  2019 | D:3      | Killed Terence
  2020 | D:3      | Reached XP level 4. HP: 24/37 MP: 4/4
  2971 | D:4      | Gained mutation: You have a small tail. [demonic ancestry]
  2971 | D:4      | Reached XP level 5. HP: 40/42 MP: 5/5
  3068 | D:4      | Found a staircase to the Ecumenical Temple.
  3081 | Temple   | Entered the Ecumenical Temple
  3338 | Temple   | Became a worshipper of the Wu Jian Council
  3338 | Temple   | Reached * piety under Wu Jian
  3338 | Temple   | Reached ** piety under Wu Jian
  3406 | D:4      | Noticed Sigmund
  3417 | D:4      | Killed Sigmund
  3418 | D:4      | Reached skill level 4 in Long Blades
  3418 | D:4      | Gained mutation: You have a tail ending in a sharp stinger.
                  | [demonic ancestry]
  3418 | D:4      | Reached XP level 6. HP: 27/48 MP: 6/6
  3884 | D:4      | Noticed Eustachio
  3909 | D:4      | Killed Eustachio
  4002 | D:4      | Noticed Edmund
  4015 | D:4      | Killed Edmund
  4016 | D:4      | Reached skill level 5 in Long Blades
  4016 | D:4      | Gained mutation: You sometimes emit foul miasma when
                  | damaged in melee. [demonic ancestry]
  4016 | D:4      | Reached XP level 7. HP: 6/55 MP: 7/7
  4846 | D:5      | Entered Level 5 of the Dungeon
  4862 | D:5      | Mangled by an ogre

Illustrated notes

Levels and vault maps discovered:
D:1:      shiori_arrival_maze, layout_loops_ring
D:2:      layout_loops_ring, minmay_misc_feat_square, grunt_decor_cap,
          minmay_misc_feat_columns
D:3:      layout_loops_ring, uniq_terence
D:4:      layout_basic, temple_hall, uniq_edmund, uniq_eustachio, uniq_sigmund
D:5:      layout_rooms, mainiacjoe_overflow_alcove_3, uniq_prince_ribbit1,
          uniq_crazy_yiuf_cottage
Temple:   dpeg_five_rooms_temple

Skill      XL: |  1  2  3  4  5  6  7 |
---------------+----------------------+-----
Dodging        | 3 4 |  4.4
Long Blades    | 3 4 5 |  5.2
Stealth        | 2 3 4 |  4.1
Fighting       | 4 |  4.8
Armour         | |  0.3

Action                   |  1- 3 |  4- 6 |  7- 9 || total
-------------------------+-------+-------+-------++-------
Melee: Falchion          |   100 |    91 |    33 ||   224
       Punch             |     1 |       |       ||     1
       Tailslap          |       |     9 |     4 ||    13
Invok: Lunge             |       |     5 |     5 ||    10
       Whirlwind         |       |     8 |    23 ||    31
  Use: Scroll            |     5 |     1 |       ||     6
       Potion            |     2 |     1 |       ||     3
 Stab: Sleeping          |    10 |     8 |     4 ||    22
Armor: Leather armour    |     7 |       |       ||     7
       Robe              |    12 |    11 |     2 ||    25
Dodge: Dodged            |    45 |    47 |    13 ||   105
